 Dungeon Crawl Stone Soup version 0.28-a0-851-g8b9cc49659 (webtiles) character file.

Game seed: 13611658809860123464

7130 spiderkeys the Agent of Entropy (level 10, -10/83 (85) HPs)
             Began as a Palentonga Abyssal Knight on Nov 15, 2021.
             Was a Priest of Lugonu.
             Mangled by a two-headed ogre (22 damage)
             ... on level 8 of the Dungeon.
             The game lasted 00:21:52 (13286 turns).

spiderkeys the Agent of Entropy (PaAK)             Turns: 13286, Time: 00:21:53

HP:   -10/83 (85)   AC: 20    Str: 16    XL:     10   Next: 85%
MP:   11/16         EV: 14    Int: 11    God:    Lugonu [***...]
Gold: 415           SH:  0    Dex: 25    Spells: 14/17 levels left

rFire   . . .      SeeInvis +   u - +7 dagger (venom)
rCold   . . .      Faith    .   (no shield)
rNeg    . . .      Spirit   .   t - +2 robe of Pride {Dex+3}
rPois   .          Reflect  .   (helmet restricted)
rElec   +          Harm     .   z - +2 cloak
rCorr   .          Rampage  .   (no gloves)
Will    ++...                   (no barding)
Stlth   ++........              (no amulet)
HPRegen 0.23/turn               O - +4 ring of protection
MPRegen 0.15/turn               v - ring of Autumn {Fly rElec Will++ Dex+6 Slay-2}

@: flying, lightly drained, curled up
A: large, rugged brown scales 3, see invisible, deformed body, roll 1, armoured
tail, reflexive curl, horns 1, agile 1
a: Rolling Charge, Renounce Religion, Depart the Abyss, Bend Space, Banish


You were on level 8 of the Dungeon.
You worshipped Lugonu.
Lugonu was most pleased with you.
You visited 1 branch of the dungeon, and saw 9 of its levels.
You visited the Abyss 1 time.
You also visited: Sewer.

You collected 415 gold pieces.


Innate Abilities, Weirdness & Mutations

You are completely covered in rugged brown scales. (AC +3, +7% HP)
You have supernaturally acute eyesight. (SInv)
Armour fits poorly on your strangely shaped body.
You can roll at nearby foes to attack.
You have a long armoured tail.
You curl defensively after being hit. (AC +7*)
You have a pair of small horns on your head.
You are agile. (Dex +2)


   Skills:
 + Level 8.0 Fighting
 - Level 5.2 Axes
 - Level 1.5 Armour
 + Level 6.0 Dodging
 - Level 4.0 Spellcasting
 + Level 4.6 Conjurations
 + Level 7.0 Hexes
 + Level 8.1 Invocations


You had 14 spell levels left.
You knew the following spells:

 Your Spells              Type           Power      Damage    Failure   Level
d - Dazzling Flash        Conj/Hex       30%        N/A       7%          3

Your spell library contained the following spells:

 Spells                   Type           Power      Damage    Failure   Level
 Fulminant Prism          Conj/Hex       7%         3d7       22%         4
 Sting                    Tmut/Pois      8%         1d3       24%         1
 Blink                    Tloc           4%         N/A       34%         2
 Lesser Beckoning         Tloc           2%         N/A       56%         3
 Iskenderun's Mystic Bla  Conj/Tloc      7%         2d4       67%         4
 Manifold Assault         Tloc           2%         N/A       100%        5
 Starburst                Conj/Fire      3%         6d3       100%        6

Inventory:

Hand Weapons
 c - a +0 dire flail of protection
   (You found it on level 2 of the Abyss)
 f - a +2 dagger of electrocution
   (You took it off a goblin on level 2 of the Dungeon)
 j - a +0 war axe
   (You found it on level 2 of the Dungeon)
 u - a +7 dagger of venom (weapon)
   (You took it off a wight on level 8 of the Dungeon)
Missiles
 b - 61 sling bullets
 d - 329 stones
 h - 20 bolts
 l - 144 arrows
 n - 19 poisoned darts
 s - 4 boomerangs
 y - a curare-tipped dart {=f}
Armour
 t - the +2 robe of Pride (worn) {Dex+3}
   (You found it on level 4 of the Dungeon)

   Dex:       It affects your dexterity (+3).
 z - a +2 cloak (worn)
   (You found it on level 8 of the Dungeon)
Magical Staves
 q - a staff of fire {!a}
   (You found it on level 2 of the Dungeon)
 C - a staff of cold {!a}
   (You took it off a gnoll on level 7 of the Dungeon)
Jewellery
 v - the ring of Autumn (right hand) {Fly rElec Will++ Dex+6 Slay-2}
   (You acquired it on level 6 of the Dungeon)

   [ring of dexterity]

   Dex:       It affects your dexterity (+6).
   Slay:      It affects your accuracy & damage with ranged weapons and melee
   (-2).
   rElec:     It insulates you from electricity.
   Fly:       It grants you flight.
   Will:      It greatly increases your willpower.
 F - a ring of protection from fire
   (You took it off a kobold on level 4 of the Dungeon)
 L - a ring of flight
   (You found it on level 6 of the Dungeon)
 O - a +4 ring of protection (left hand)
   (You found it on level 4 of the Dungeon)
Scrolls
 a - a scroll of fear
 g - a scroll of amnesia
 k - a scroll of enchant weapon
 o - a scroll of identify {@r1}
 p - a scroll of torment {!r}
 x - a scroll of fog
 A - 4 scrolls of vulnerability {!r!r}
 D - a scroll of silence {!r}
 E - a scroll of enchant armour
Potions
 e - 2 potions of curing {@q1}
 i - a potion of berserk rage {!q}
 m - 2 potions of lignification {!q}
 r - 2 potions of flight
 B - a potion of mutation {!q}

Dungeon Overview and Level Annotations

Branches:
Dungeon (9/15)             Temple (0/1) D:5           Sewer (visited)
   Lair: D:8-11         Orc: D:9-12

Altars:
Uskayaw

Annotations:
D:6 1 transporter, AttackTheMoon's ghost, novice OpBr
Abyss:1 Joseph; Maurice

#C#..#
#.#♣)♣ #g#
.♣ #.# ♣♣
#9# ##.#
#..#
#.C#######
#..g.9O@.#
##.)..####
#.#.##
#.#.#
#.#..
#.#### #.
#.


You could see a stone giant, a two-headed ogre (poisoned), a gargoyle and a
gnoll shaman.


Message History

😕 HP[-13]
You take 13 damage, and now have 66/81 hp.
The water moccasin barely misses you.
The water moccasin bites you but does no damage.
You hit the water moccasin but do no damage.
You headbutt the water moccasin, but do no damage.
The water moccasin bites you.
You hear a zap.
You hear a grinding noise. 😕 HP[-1]
You take 1 damage, and now have 65/81 hp.
You hit the water moccasin. You tail-slap the water moccasin.
The water moccasin bites you but does no damage.
A gargoyle comes into view. It is wielding a +0 mace.
The water moccasin bites you. 😕 HP[-4]
You take 4 damage, and now have 61/81 hp.
You closely miss the water moccasin. The water moccasin misses you.
You hit the water moccasin but do no damage.
The water moccasin is poisoned.
You headbutt the water moccasin, but do no damage.
The water moccasin bites you but does no damage.
You hit the water moccasin.
Your headbutt misses the water moccasin.
You tail-slap the water moccasin!
The water moccasin misses you. x2 😕 HP[+1]
You closely miss the water moccasin.
You tail-slap the water moccasin, but do no damage.
The water moccasin closely misses you.
You hit the water moccasin.
Your headbutt misses the water moccasin.
The water moccasin misses you.
You hear a zap.
You hear a grinding noise.
The water moccasin completely misses you.
You closely miss the water moccasin.
Your headbutt misses the water moccasin.
Your tail-slap misses the water moccasin.
The water moccasin barely misses you.
You closely miss the water moccasin. You headbutt the water moccasin.
You tail-slap the water moccasin.
A gnoll shaman comes into view. It is wielding a +0 club.
The water moccasin misses you. 😕 HP[+1]
You hit the water moccasin.
You kill the water moccasin!
Lugonu accepts your kill.
Your Fighting skill increases to level 8!
Your Hexes skill increases to level 7!
You now have 83 max hp (+2).
You hit the two-headed ogre.
The two-headed ogre looks even sicker.
You headbutt the two-headed ogre. You tail-slap the two-headed ogre.
The two-headed ogre hits you with a +0 giant club!!
* * * LOW HITPOINT WARNING * * *
The two-headed ogre hits you with a +0 giant club.
* * * LOW HITPOINT WARNING * * *
😨 HP[-31]
You take 31 damage, and now have 32/83 hp.
MASSIVE DAMAGE!! (PAUSE)
A stone giant comes into view. 😨 HP[+1]
A bullfrog comes into view.
Space bends sharply around you!
The two-headed ogre blinks!
You blink.
A kobold brigand comes into view.
It is wielding a +0 dagger and quivering curare-tipped darts.
The gnoll shaman closely misses you.
The gargoyle hurls a stone arrow at you.
The stone arrow misses you.
The stone arrow hits the gnoll shaman! 😨 HP[-2] MP[-1]
You take 2 damage, and now have 31/83 hp.
You lost 1 mp, and now have 15/16 mp.
Unknown command.
Space bends sharply around you!
The gnoll shaman blinks!
You blink. 😨 HP[-2] MP[-1]
You take 2 damage, and now have 29/83 hp.
You lost 1 mp, and now have 14/16 mp.
Unknown command. 😨 HP[+1]
The sentinel's mark upon you fades away.
You hit the two-headed ogre.
The two-headed ogre hits you with a +0 giant club!
* * * LOW HITPOINT WARNING * * *
The two-headed ogre hits you with a +0 giant club.
* * * LOW HITPOINT WARNING * * *
😱 HP[-19]
You take 19 damage, and now have 11/83 hp.
MASSIVE DAMAGE!! (PAUSE)
Press: ? - help, Shift-Dir - straight line, f - two-headed ogre
Aim: a two-headed ogre, wielding two +0 giant clubs (severely wounded, very poisoned, chance to affect: 73%)
Okay, then. 😱 HP[+1] MP[+1]
Okay, then.
Okay, then.
Casting: Dazzling Flash (dangerous; 7% risk of failure)
Confirm with . or Enter, or press ? or * to list all spells.
Okay, then.
Press: ? - help, Shift-Dir - straight line, f - two-headed ogre
Aim: a two-headed ogre, wielding two +0 giant clubs (severely wounded, very poisoned, chance to affect: 73%)
The two-headed ogre struggles to resist.
The two-headed ogre hits you with a +0 giant club!!
You die...

Skill      XL: |  1  2  3  4  5  6  7  8  9 10 |
---------------+-------------------------------+-----
Dodging        | 1 2 3 4 5 6 |  6.0
Spellcasting   | 1 2 3 4 |  4.0
Invocations    | 3 4 5 6 8 |  8.1
Hexes          | 1 2 3 4 5 7 |  7.0
Axes           | 3 4 5 |  5.2
Fighting       | 4 5 6 8 |  8.0
Conjurations   | 2 4 |  4.6
Armour         | |  1.5

Action                   |  1- 3 |  4- 6 |  7- 9 | 10-12 || total
-------------------------+-------+-------+-------+-------++-------
Melee: Dire flail        |    62 |       |       |       ||    62
       Tailslap          |     8 |    29 |    84 |    38 ||   159
       Hand axe          |     1 |       |       |       ||     1
       War axe           |    22 |       |       |       ||    22
       Dagger            |    58 |   207 |   385 |   151 ||   801
       Headbutt          |       |       |    89 |    47 ||   136
Throw: Dart              |       |     4 |    19 |       ||    23
 Cast: Dazzling Flash    |       |       |     5 |     1 ||     6
Invok: Depart the Abyss  |     1 |       |       |       ||     1
       Bend Space        |       |     1 |    10 |     5 ||    16
       Banish            |       |       |     1 |     8 ||     9
 Abil: Rolling Charge    |     8 |    27 |    35 |    11 ||    81
  Use: Scroll            |     2 |     8 |     6 |     1 ||    17
       Potion            |     2 |       |    11 |     6 ||    19
 Stab: Sleeping          |       |       |     1 |       ||     1
       Invisible         |       |       |     1 |     1 ||     2
Armor: Leather armour    |    74 |    21 |       |       ||    95
       Robe              |       |    39 |   189 |    59 ||   287
       Skin              |       |     5 |       |       ||     5
Dodge: Dodged            |   114 |    99 |   289 |   135 ||   637

Levels and vault maps discovered:
D:1:      elethiomel_arrival_infinity_welcomes_careful_drivers,
          layout_loops_cross, serial_co_window_serial, co_window_paths_a,
          co_window_cross_1, co_window_paths_b, co_window_paths_a,
          co_window_paths_b, co_window_paths_a, co_window_corner_a,
          co_window_broadway_a, co_window_corner_b, co_window_corner_ca,
          co_window_of_opportunity_b, co_window_4corner_a, glass_columns_a,
          minivault_5, hangedman_decor_points,
          wander_ebering_terrifying_dragon_lair
D:2:      layout_basic, kennysheep_another_room, minmay_lizard_pond
D:3:      layout_basic, serial_glass, glass_columns_a, glass_columns_c,
          hellmonk_ghost_happy_afterlife, ebering_ecumenical_altar_ruins,
          grunt_ministairs_4
D:4:      minmay_bubble_buster, layout_cave_pods,
          hangedman_abyss_or_decor_slice, chequers_serial_rivers_small_b,
          kennysheep_nub, minmay_increasing_density
D:5:      layout_basic, mainiacjoe_overflow_six_doors_small, temple_statues,
          gup_sewer_entry_glass
D:6:      layout_loops_ring, gammafunk_ghost_smash
D:7:      layout_cave_pools
D:8:      nzn_winding_woodlands_cross [nzn_winding_woodlands_5x15_split_checker,
          nzn_winding_woodlands_5x15_jagged, nzn_winding_woodlands_5x15_twine,
          nzn_winding_woodlands_5x15_pool,
          nzn_winding_woodlands_15x15_five_gardens], layout_loops_ring,
          uniq_maurice
D:9:      layout_loops_ring, st_stairs_4, uniq_joseph

Notes
Turn   | Place    | Note
-------+----------+-------------------------------------------
     0 | Abyss:1  | spiderkeys the Palentonga Abyssal Knight began the quest
                  | for the Orb.
     0 | Abyss:1  | Reached XP level 1. HP: 19/19 MP: 2/2
     0 | Abyss:1  | magus.rc [v1.9.10]
    54 | Abyss:2  | Noticed an iron imp
    61 | Abyss:2  | Noticed a large abomination
   102 | Abyss:2  | Noticed a flying skull
   103 | Abyss:2  | Noticed a flying skull
   104 | Abyss:2  | Found a viscous altar of Jiyva.
   104 | Abyss:2  | Noticed a flying skull
   112 | Abyss:2  | Noticed a flying skull
   113 | D:1      | You pass through the gate.
   113 | D:1      | Escaped the Abyss
   333 | D:1      | Reached * piety under Lugonu
   595 | D:1      | Reached skill level 1 in Dodging
   629 | D:1      | You pick up a book of Spectacle and begin reading...
   629 | D:1      | You add the spells Dazzling Flash, Iskenderun's Mystic
                  | Blast and Starburst to your library.
   638 | D:1      | Reached XP level 2. HP: 24/25 MP: 3/3
  1527 | D:1      | You add the spells Sting and Fulminant Prism to your
                  | library.
  1527 | D:1      | Got the Collected Works on the Nocuous Oath
  1737 | D:2      | Reached XP level 3. HP: 20/31 MP: 4/4
  1738 | D:2      | Reached skill level 1 in Spellcasting
  1742 | D:2      | HP: 7/31 [poisoned by an adder]
  1753 | D:2      | HP: 1/31 [goblin (9)]
  2323 | D:2      | Reached ** piety under Lugonu
  2342 | D:2      | Learned a level 3 spell: Dazzling Flash
  2564 | D:2      | Reached XP level 4. HP: 33/37 MP: 4/6
  2622 | D:2      | You pick up a book of Spatial Translocations and begin
                  | reading...
  2622 | D:2      | You add the spells Blink, Lesser Beckoning and Manifold
                  | Assault to your library.
  2940 | D:3      | Found a runed translucent door.
  2940 | D:3      | Noticed croobank's ghost (weakling FeDe)
  3097 | D:3      | Found a faded altar of an unknown god.
  3248 | D:3      | Reached skill level 3 in Invocations
  3855 | D:3      | Killed croobank's ghost
  3856 | D:3      | Reached skill level 1 in Hexes
  3943 | D:4      | Reached XP level 5. HP: 36/44 MP: 7/7
  4325 | D:4      | HP: 4/44 [gnoll (13)]
  4684 | D:4      | Reached skill level 3 in Axes
  4684 | D:4      | Reached skill level 2 in Dodging
  4941 | D:4      | Reached *** piety under Lugonu
  4960 | D:4      | Reached skill level 4 in Fighting
  5128 | D:4      | Identified the +2 robe of Pride {Dex+3}
  5164 | D:4      | Reached XP level 6. HP: 50/51 MP: 8/8
  5274 | D:4      | Reached skill level 2 in Hexes
  5914 | D:4      | Reached skill level 4 in Invocations
  5914 | D:4      | Gained mutation: You curl defensively after being hit. (AC
                  | +7*) [Palentonga growth]
  5914 | D:4      | Reached XP level 7. HP: 28/58 MP: 8/10
  6088 | D:4      | Reached skill level 2 in Spellcasting
  6738 | D:5      | Entered Level 5 of the Dungeon
  6789 | D:5      | Reached skill level 4 in Axes
  6875 | D:5      | Found a hide-covered altar of Uskayaw.
  6918 | D:5      | Reached skill level 3 in Dodging
  6918 | D:5      | Reached skill level 3 in Hexes
  6925 | D:5      | Found a glowing drain.
  6955 | Sewer    | Entered a sewer
  7089 | Sewer    | Found a white marble altar of Elyvilon.
  7252 | Sewer    | Gained mutation: You have a pair of small horns on your
                  | head. [potion of mutation]
  7252 | Sewer    | Gained mutation: You are agile. (Dex +2) [potion of
                  | mutation]
  7296 | D:5      | Reached skill level 5 in Fighting
  7296 | D:5      | Reached XP level 8. HP: 66/66 MP: 10/12
  7399 | D:5      | Found a staircase to the Ecumenical Temple.
  7876 | D:6      | Reached **** piety under Lugonu
  7962 | D:6      | Reached skill level 3 in Spellcasting
  8037 | D:6      | Reached skill level 5 in Invocations
  8329 | D:6      | Identified a scroll of acquirement
  8329 | D:6      | Acquired the ring of Autumn {Fly rElec Will++ Dex+6 Slay-2}
  8394 | D:6      | Found a transporter.
  8480 | D:6      | Reached skill level 4 in Hexes
  8486 | D:6      | Reached skill level 5 in Axes
  8491 | D:6      | Reached skill level 4 in Dodging
  8500 | D:6      | Reached XP level 9. HP: 23/73 MP: 14/14
  8752 | D:6      | Noticed AttackTheMoon's ghost (novice OpBr)
  9600 | D:6      | HP: 9/73 [wyvern (15)]
  9602 | D:6      | Reached skill level 6 in Fighting
  9919 | D:7      | Reached skill level 4 in Spellcasting
  9989 | D:7      | Paralysed by a hornet for 1 turns
  9992 | D:7      | HP: 14/73 [hornet (6)]
  9996 | D:7      | Paralysed by a hornet for 1 turns
 10000 | D:7      | Reached skill level 1 in Conjurations
 10000 | D:7      | Reached skill level 6 in Invocations
 10259 | D:7      | Reached skill level 5 in Hexes
 10474 | D:7      | Reached skill level 2 in Conjurations
 11147 | D:8      | Noticed Maurice
 11162 | D:7      | Reached ***** piety under Lugonu
 11194 | D:8      | Banished Maurice
 11195 | D:8      | Reached skill level 5 in Dodging
 11328 | D:8      | Reached XP level 10. HP: 74/82 MP: 16/16
 11366 | D:8      | Paralysed by a hornet for 3 turns
 11368 | D:8      | HP: 20/82 [poisoned by a hornet]
 11368 | D:8      | HP: 8/82 [hornet (12)]
 11377 | D:8      | Reached skill level 7 in Fighting
 11377 | D:8      | Reached skill level 3 in Conjurations
 11377 | D:8      | Reached skill level 7 in Invocations
 11675 | D:8      | HP: 21/84 [killer bee (6)]
 11948 | D:8      | Noticed a four-headed hydra
 11987 | D:8      | Banished a four-headed hydra
 11988 | D:8      | Reached skill level 6 in Hexes
 12227 | D:8      | Noticed a boulder beetle
 12339 | D:9      | Noticed Joseph
 12344 | D:9      | HP: 7/84 [Joseph/sling bullet (22)]
 12361 | D:9      | Banished Joseph
 12362 | D:9      | Reached skill level 4 in Conjurations
 12742 | D:9      | Noticed a two-headed ogre
 12837 | D:8      | Banished a boulder beetle
 12838 | D:8      | Reached skill level 6 in Dodging
 12838 | D:8      | Reached skill level 8 in Invocations
 12940 | D:8      | HP: 29/118 [poisoned by a wight]
 12945 | D:8      | HP: 16/80 [poisoned by a wight]
 13258 | D:8      | Noticed a two-headed ogre
 13265 | D:8      | Noticed a gargoyle
 13274 | D:8      | Reached skill level 8 in Fighting
 13274 | D:8      | Reached skill level 7 in Hexes
 13276 | D:8      | Noticed a stone giant
 13283 | D:8      | HP: 15/83 [two-headed ogre (15)]
 13286 | D:8      | Mangled by a two-headed ogre

Vanquished Creatures
  2 hornets
  A wyvern (D:6)
  A shadow (D:9)
  2 yaks
  4 vampire mosquitoes (D:6)
  An acid dragon (D:8)
  4 water moccasins
  2 ice beasts
  An orc warrior (D:8)
  A necrophage (D:7)
  A sky beast (D:7)
  4 ogres
  4 centaurs
  A phantom (D:7)
  2 kobold brigands
  A gnoll sergeant (D:7)
  4 scorpions
  A water moccasin skeleton (D:4)
  6 killer bees (D:8)
  4 wights (D:8)
  A howler monkey (D:4)
  A bullfrog zombie (D:6)
  2 centaur zombies
  2 hounds
  2 orc priests
  4 jellies
  2 gnoll shamans
  A bullfrog skeleton (D:5)
  5 iguanas
  4 orc wizards
  2 hound skeletons (D:4)
  A howler monkey zombie (D:7)
  14 adders
  15 gnolls
  A river rat (Sewer)
  2 white imps
  An ufetubus (D:7)
  4 worms
  2 dart slugs (D:4)
  The ghost of croobank the Sneak, a weakling FeDe (D:3)
  23 orcs
  9 endoplasms
  6 giant cockroaches
  8 goblins
  2 hobgoblins
  5 jackals
  5 quokkas
  8 ball pythons
  5 bats
  11 frilled lizards
  11 kobolds
  13 rats
220 creatures vanquished.

Vanquished Creatures (collateral kills)
  A centaur (D:9)
1 creature vanquished.

Vanquished Creatures (others)
  40 plants (D:8)
40 creatures vanquished.

Grand Total: 261 creatures vanquished

Table legend:
 A = Non-vault XP
 B = Vault XP
 C = Vault XP percentage of total XP
 D = Non-vault monster count
 E = Vault monster count
 F = Vault count percentage of total count
                 A         B        C        D         E       F
            +---------+---------+-------+---------+---------+-------
      Total |    5744 |    4442 |  43.6 |     167 |      58 |  25.8
            +---------+---------+-------+---------+---------+-------
        D:1 |      24 |       1 |   4.0 |      17 |       1 |   5.6
        D:2 |     106 |       7 |   6.2 |      25 |       7 |  21.9
        D:3 |      72 |      18 |  20.0 |      18 |       3 |  14.3
        D:4 |     584 |     231 |  28.3 |      25 |      17 |  40.5
        D:5 |     495 |      19 |   3.7 |       9 |       4 |  30.8
        D:6 |    1570 |       0 |   0.0 |      26 |       0 |   0.0
        D:7 |    1617 |       0 |   0.0 |      28 |       0 |   0.0
        D:8 |     761 |    3369 |  81.6 |      12 |      14 |  53.8
        D:9 |     515 |     673 |  56.6 |       7 |       2 |  22.2
      Sewer |       0 |     124 | 100.0 |       0 |      10 | 100.0
            +---------+---------+-------+---------+---------+-------

Illustrated notes

Table legend:
 A = Kills in this place as a percentage of kills in entire the game.
 B = Kills by you in this place as a percentage of kills by you in the entire game.
 C = Kills by friends in this place as a percentage of kills by friends in the entire game.
 D = Other kills in this place as a percentage of other kills in the entire game.
 E = Experience gained in this place as a percentage of experience gained in the entire game.
 F = Experience gained in this place divided by the number of levels of this place that you have seen.
                   A       B       C       D       E      F
               +-------+-------+-------+-------+-------+----------------------
         Total | 100.0 | 100.0 | 100.0 | 100.0 | 100.0 | 848.8
       Dungeon |  95.6 |  95.5 | 100.0 | 100.0 |  98.8 | 1118.0
         Sewer |   4.4 |   4.5 |   0.0 |   0.0 |   1.2 | 124.0
               +-------+-------+-------+-------+-------+----------------------

Table legend: (Time is in decaauts)
 A = Elapsed time spent in this place.
 B = Non-inter-level travel time spent in this place.
 C = Inter-level travel time spent in this place.
 D = Time resting spent in this place.
 E = Time spent auto-exploring this place.
 F = Levels seen in this place.
 G = Mean time per level.
                   A        B        C        D        E       F      G
               +--------+--------+--------+--------+--------+-----+--------+
         Total |  13361 |  13154 |    207 |   2237 |   8663 |  12 | 1113.4 |
       Dungeon |  12915 |  12708 |    207 |   2125 |   8503 |   9 | 1435.0 |
         Abyss |    112 |    112 |      0 |      0 |      7 |   2 |   56.0 |
         Sewer |    333 |    333 |      0 |    111 |    152 |   1 |  333.0 |
               +--------+--------+--------+--------+--------+-----+--------+

Top non-repeatable levels by time:
     D:4: 2221 daAuts
     D:6: 1895 daAuts
     D:1: 1618 daAuts
     D:3: 1587 daAuts
     D:8: 1552 daAuts
     D:7: 1231 daAuts
     D:2: 1226 daAuts
     D:5: 996 daAuts
     D:9: 586 daAuts
   Sewer: 333 daAuts
 Abyss:2: 90 daAuts
 Abyss:1: 22 daAuts
